AoeStats
← paikujanlp

Arabia

509816617Analyzed
1v1 RM · 5d ago on Sep 28, 2026· 40m 56s· 2 players
Game mode
Random Map
Map size
Tiny (2 player)
Population
200
Speed
Normal
Resources
Standard
Victory
Conquest
Starting age
Dark Age
Ending age
Imperial Age
RankedLock teamsTeams togetherTeam positionsShared explorationLock speedFull tech treeHidden civsTurbo modeCheats
Victory
Defeat
🇦🇷 Portuguese · Argentina
1009
+17
🇹🇼 Spanish · Taiwan
1036
-17
paikujanlp
7:18 Loom
10:17 Feudal Age
10:53 Double-Bit Axe
10:39 Man-at-Arms
16:28 Wheelbarrow
20:07 Castle Age
18:29 Fletching
20:57 Bodkin Arrow
31:13 Imperial Age
31:38 Forging
艾斯
0:26 Loom
10:50 Feudal Age
19:23 Castle Age
21:32 Double-Bit Axe
24:22 Fletching
25:45 Padded Archer Armor
27:09 Husbandry
34:33 Horse Collar
38:42 Bloodlines
39:36 Scale Barding Armor
40:20 Forging
Connection lost

Rejoining the realm…

Still unreachable

The connection could not be restored.

Session expired

The server has moved on; the page needs a fresh start.